 Dungeon Crawl Stone Soup version 0.29-a0-878-g7b45a56547 (webtiles) character file.

Game seed: 8694310244079139527

44 Locuples the Sneak (level 3, -1/27 HPs)
             Began as a Demonspawn Brigand on July 20, 2022.
             Slain by Jessica
             ... wielding a +0 dagger
              (3 damage)
             ... on level 2 of the Dungeon.
             The game lasted 00:02:57 (1491 turns).

Locuples the Sneak (Demonspawn Brigand)             Turns: 1491, Time: 00:02:58

Health: -1/27      AC:  3    Str: 11    XL:     3   Next: 41%
Magic:  3/3        EV: 11    Int: 12    God:
Gold:   45         SH:  0    Dex: 16    Spells: 2/2 levels left

rFire   . . .      SeeInvis .   a - +2 dagger
rCold   . . .      Faith    .   (no shield)
rNeg    . . .      Spirit   .   b - +0 robe
rPois   .          Reflect  .   (no helmet)
rElec   .          Harm     .   c - +0 cloak
rCorr   .          Rampage  .   (no gloves)
Will    .....                   (no boots)
Stlth   +++.......              (no amulet)
HPRegen 0.09/turn               (no ring)
MPRegen 0.08/turn               (no ring)

@: invisible
A: demonic guardian 1
a: no special abilities


You were on level 2 of the Dungeon.
You visited 1 branch of the dungeon, and saw 2 of its levels.

You collected 45 gold pieces.

Inventory:

Hand Weapons
 a - a +2 dagger (weapon)
Missiles
 d - 9 poisoned darts (quivered)
 e - 3 curare-tipped darts
Armour
 b - a +0 robe (worn)
 c - a +0 cloak (worn)
Scrolls
 f - 4 scrolls of identify {unknown}
 h - a scroll of summoning {unknown}
Potions
 g - a potion of flight {unknown}
 i - a potion of brilliance {unknown}
 j - a potion of haste {unknown}
 k - a potion of heal wounds {unknown}
 l - a potion of cancellation {unknown}
 m - a potion of attraction {unknown}


   Skills:
 - Level 2.0 Fighting
 * Level 2.3 Short Blades
 - Level 1.7 Throwing
 - Level 0.8 Dodging
 * Level 4.6 Stealth


You had 2 spell levels left.
You didn't know any spells.
Your spell library contained the following spells:

 Spells                   Type           Power      Damage    Failure   Level
 Summon Small Mammal      Summ           0%         N/A       32%         1
 Call Canine Familiar     Summ           0%         N/A       69%         3
 Summon Guardian Golem    Hex/Summ       0%         N/A       69%         3
 Summon Forest            Summ/Tloc      0%         N/A       100%        5
 Summon Mana Viper        Hex/Summ       0%         N/A       100%        5
 Summon Cactus Giant      Summ           0%         N/A       100%        6


Dungeon Overview and Level Annotations

Branches:
Dungeon (2/15)

Altars:
Hepliaklqana

Shops:
D:2 :

Annotations:
D:2 Jessica


Innate Abilities, Weirdness & Mutations

A weak demonic guardian rushes to your aid.


Message History

You barely miss the quokka.
The quokka is heavily wounded.
The quokka closely misses you.
You barely miss the quokka.
The quokka is heavily wounded.
The quokka bites you.
You hear some strange, mumbled words.
The quokka bites you.
You miss the quokka.
The quokka is heavily wounded.
The quokka bites you but does no damage.
You hit the quokka.
The quokka is severely wounded.
Something hits you. The quokka bites you.
You hit the quokka but do no damage.
The quokka is severely wounded.
Something hits you.
The quokka bites you but does no damage.
You closely miss the quokka.
The quokka is severely wounded.
Something hits you. The quokka closely misses you.
You fade into invisibility!
The quokka bites you but does no damage.
Something hits you.
You strike the helpless quokka from behind!
You puncture the quokka!
You kill the quokka!
Something hits you.
You closely miss something. You hit something. Something hits you.
You miss something. You closely miss something. Something hits you.
* * * LOW HITPOINT WARNING * * *
You miss something. Something hits you.
* * * LOW HITPOINT WARNING * * *
Something hits you.
* * * LOW HITPOINT WARNING * * *
A demonic guardian appears!
You miss something. Something hits you.
You die...

......###.....##<#
.####.# ##....# ...
## #.####.....# #.#
#####............ .#
......#:.......... .
..............#####
####.........##...##
.#....[......#!.†..#
...#.........#?{@..#
####.........#..5.?#
#...†..(..##)..## ?#
#..........##'##..#
#................#
#.........#.....##
#################


You could see a friendly quasit (summoned).

Vanquished Creatures
  A worm (D:2)
  A dart slug (D:2)
  2 ball pythons (D:1)
  4 endoplasms
  3 giant cockroaches
  3 goblins
  2 hobgoblins
  4 quokkas
  4 bats (D:1)
  3 frilled lizards (D:1)
  4 kobolds
  4 rats
35 creatures vanquished.

Vanquished Creatures (collateral kills)
  A bat (D:1)
1 creature vanquished.

Grand Total: 36 creatures vanquished

Notes
Turn   | Place    | Note
-------+----------+-------------------------------------------
     0 | D:1      | Locuples the Demonspawn Brigand began the quest for the
                  | Orb.
     0 | D:1      | Reached XP level 1. HP: 16/16 MP: 1/1
   238 | D:1      | Reached skill level 4 in Stealth
   318 | D:1      | Gained mutation: A weak demonic guardian rushes to your
                  | aid. [demonic ancestry]
   318 | D:1      | Reached XP level 2. HP: 22/22 MP: 2/2
   677 | D:1      | Found a faded altar of an unknown god.
   926 | D:1      | Reached XP level 3. HP: 27/27 MP: 3/3
  1113 | D:2      | Found Ruikkotu's Book Shop.
  1409 | D:2      | Found a hazy altar of Hepliaklqana.
  1468 | D:2      | Noticed Jessica
  1491 | D:2      | Slain by Jessica

Illustrated notes

Levels and vault maps discovered:
D:1:      minmay_arrival_nine_rooms, layout_basic,
          shapermc_ecumenical_altar_venn
D:2:      layout_rooms, basic_altar, serial_shops,
          nicolae_shop_advertising_works [nicolae_subvault_shop_adworks],
          kennysheep_jessica_study

Skill      XL: |  1  2 |
---------------+-------+-----
Stealth        | 4 |  4.6
Short Blades   | 2 |  2.3
Fighting       | |  2.0
Throwing       | |  1.7
Dodging        | |  0.8

Action                   || total
-------------------------++-------
Melee: Dagger            ||   127
       Punch             ||     4
  Use: Potion            ||     1
 Stab: Sleeping          ||    10
       Invisible         ||     1
Armor: Robe              ||    35
Dodge: Dodged            ||    76

Table legend: (Time is in decaauts)
 A = Elapsed time spent in this place.
 B = Non-inter-level travel time spent in this place.
 C = Inter-level travel time spent in this place.
 D = Time resting spent in this place.
 E = Time spent auto-exploring this place.
 F = Levels seen in this place.
 G = Mean time per level.
                   A        B        C        D        E       F      G
               +--------+--------+--------+--------+--------+-----+--------+
         Total |   1477 |   1477 |      0 |    191 |    907 |   2 |  738.5 |
       Dungeon |   1477 |   1477 |      0 |    191 |    907 |   2 |  738.5 |
               +--------+--------+--------+--------+--------+-----+--------+

Top non-repeatable levels by time:
     D:1: 1053 daAuts
     D:2: 424 daAuts
